 Dungeon Crawl Stone Soup version 0.30-a0-358-g0d69a1922f (webtiles) character file.

Game seed: 261190088852985494

58790 mopl the Cleaver (level 15, -2/106 (115) HPs)
             Began as a Formicid Warper on Nov 8, 2022.
             Was a High Priest of Okawaru.
             Slain by a four-headed hydra (8 damage)
             ... on level 5 of the Lair of Beasts on Nov 9, 2022.
             The game lasted 00:37:01 (17738 turns).

mopl the Cleaver (Formicid Warper)                 Turns: 17738, Time: 00:37:01

HP:   -2/106 (115)  AC: 26    Str: 28    XL:     15   Next: 31%
MP:   21/21         EV: 12    Int: 14    God:    Okawaru [*****.]
Gold: 409           SH: 15    Dex: 13    Spells: 13/20 levels left

rFire   . . .      SeeInvis +    V - +4 scimitar (flame)
rCold   + . .      Faith    .    W - +2 kite shield
rNeg    . . .      Spirit   .    P - +0 plate armour
rPois   .          Reflect  .    (helmet unavailable)
rElec   .          Harm     .    x - +1 cloak
rCorr   .          Rampage  .    I - +2 pair of gloves
Will    +....                    f - +2 pair of boots
Stlth   ..........               y - amulet of the acrobat
HPRegen 0.37/turn                i - +6 ring of strength
MPRegen 0.17/turn                q - ring of protection from cold

@: heroic, drained
A: permanent stasis, dig shafts and tunnels, antennae 3, four strong arms
a: Dig, Shaft Self, Renounce Religion, Heroism, Finesse, Duel


You were on level 5 of the Lair of Beasts.
You worshipped Okawaru.
Okawaru was extremely pleased with you.
You visited 3 branches of the dungeon, and saw 16 of its levels.
You also visited: Bailey.

You collected 877 gold pieces.
You spent 468 gold pieces at shops.

Inventory:

Hand Weapons
 a - a +2 halberd of electrocution
 b - a +1 spear of venom
 B - a +0 eveningstar
 J - the +5 war axe "Orb Guardian's Bane" {drain, +Blink rF- rC+++ MP+9}
   (You found it on level 6 of the Dungeon)

   A truly terrible weapon, it drains the life of any living foe it strikes.
   rF:        It makes you vulnerable to fire.
   rC:        It renders you almost immune to cold.
   MP:        It affects your magic capacity (+9).
   +Blink:    It lets you blink.
 S - a +2 halberd of draining
 U - the +5 hand axe of Mayhem {antimagic, rC+ Str+2 Int+4 Dex+3}
   (You found it on level 9 of the Dungeon)

   It reduces the magical energy of the wielder, and disrupts the spells and
   magical abilities of those it strikes.
   Natural abilities and divine invocations are not affected.
   Str:       It affects your strength (+2).
   Int:       It affects your intelligence (+4).
   Dex:       It affects your dexterity (+3).
   rC:        It protects you from cold.
 V - a +4 scimitar of flaming (weapon)
Missiles
 m - 15 boomerangs
 p - a throwing net
 s - 4 javelins
 t - 24 poisoned darts (quivered)
Armour
 f - a +2 pair of boots (worn)
 x - a +1 cloak (worn)
 I - a +2 pair of gloves (worn)
 P - a +0 plate armour (worn)
 W - a +2 kite shield (worn)
Jewellery
 i - a +6 ring of strength (left hand)
 k - a ring of resist corrosion
 q - a ring of protection from cold (right hand)
 y - an amulet of the acrobat (around neck)
 K - a ring of fire
 M - a +6 ring of intelligence
 O - an amulet of reflection
 R - a ring of flight
 X - a ring of protection from fire
Wands
 u - a wand of quicksilver (1)
 A - a wand of polymorph (9)
 E - a wand of iceblast (12)
 Y - a wand of flame (1)
Scrolls
 c - 2 scrolls of silence {!r}
 e - a scroll of noise {unknown}
 h - 4 scrolls of poison {unknown}
 j - 2 scrolls of vulnerability {unknown}
 n - a scroll of fear {unknown}
 o - 4 scrolls of magic mapping {unknown}
 v - 4 scrolls of immolation {unknown}
 w - 3 scrolls of brand weapon {unknown}
 z - 3 scrolls of blinking {unknown}
 D - 2 scrolls of amnesia
 L - 9 scrolls of enchant weapon {unknown}
Potions
 d - 5 potions of heal wounds
 g - a potion of magic
 l - 2 potions of flight
 r - 3 potions of curing
 C - 3 potions of might
 F - 2 potions of invisibility
 G - 2 potions of ambrosia
 H - 4 potions of lignification {!q}
 Q - 3 potions of cancellation
 T - 2 potions of resistance


   Skills:
 + Level 9.7(14.7) Fighting
 * Level 12.4(17.4) Axes
 + Level 8.7(13.7) Throwing
 + Level 9.4(14.4) Armour
 + Level 8.1(13.1) Dodging
 + Level 9.0(14.0) Shields
 - Level 3.0 Spellcasting
 + Level 8.3 Translocations
 - Level 8.0 Invocations
 + Level 9.2 Evocations


You had 13 spell levels left.
You knew the following spells:

 Your Spells              Type           Power      Damage    Failure   Level
a - Vhi's Electric Charg  Tloc/Air       26%        N/A       75%         3
b - Manifold Assault      Tloc           25%        N/A       56%         4

Your spell library contained the following spells:

 Spells                   Type           Power      Damage    Failure   Level
 Lesser Beckoning         Tloc           50%        N/A       22%         3
 Teleport Other           Tloc           25%        N/A       22%         3
 Kiss of Death            Conj/Necr      8%         2d6       91%         1
 Magic Dart               Conj           8%         1d3       91%         1
 Cigotuvi's Dreadful Rot  Necr/Pois/Air  4%         N/A       97%         2
 Ensorcelled Hibernation  Hex/Ice        4%         N/A       97%         2
 Passwall                 Tmut/Erth      1%         N/A       97%         2
 Poisonous Vapours        Pois/Air       4%         N/A       97%         2
 Searing Ray              Conj           4%         2d4       97%         2
 Sublimation of Blood     Necr           2%         N/A       97%         2
 Wereblood                Tmut           2%         N/A       97%         2
 Confusing Touch          Hex            2%         N/A       100%        3
 Hailstorm                Conj/Ice       2%         3d3       100%        3
 Mephitic Cloud           Conj/Pois/Air  2%         N/A       100%        3
 Ozocubu's Armour         Ice            2%         N/A       100%        3
 Dispel Undead            Necr           2%         3d7       100%        4
 Fulminant Prism          Conj/Hex       1%         3d5       100%        4
 Ice Form                 Ice/Tmut       2%         N/A       100%        4
 Petrify                  Tmut/Erth      2%         N/A       100%        4
 Blade Hands              Tmut           1%         N/A       100%        5
 Metabolic Englaciation   Hex/Ice        1%         N/A       100%        5
 Yara's Violent Unravell  Hex/Tmut       1%         3d3       100%        5
 Iron Shot                Conj/Erth      1%         9d1       100%        6
 Statue Form              Tmut/Erth      1%         N/A       100%        6
 Enfeeble                 Hex            1%         N/A       100%        7
 Blink                    Tloc           Unusable   N/A       N/A         2
 Swiftness                Air            Unusable   N/A       N/A         3
 Animate Armour           Summ/Erth      Unusable   N/A       N/A         4
 Simulacrum               Ice/Necr       Unusable   N/A       N/A         6
 Summon Hydra             Summ           Unusable   N/A       N/A         7

Dungeon Overview and Level Annotations

Branches:
Dungeon (10/15)            Temple (1/1) D:6            Lair (5/5) D:10
  Swamp (0/4) Lair:3        Snake (0/4) Lair:3       Bailey (visited)
  Slime: Lair:4-5       Orc: D:9-12

Altars:
Ashenzari
Elyvilon
Fedhas
Gozag
Hepliaklqana
Makhleb
Nemelex Xobeh
Okawaru
Ru
Trog
Uskayaw
Vehumet
Xom
Yredelemnul
Zin
The Shining One

Shops:
D:2 :   D:9 *(*:=

Annotations:
Lair:5 exclusion: oklob plant


Innate Abilities, Weirdness & Mutations

You cannot be hasted, slowed, berserked, paralysed or teleported.
You can dig through walls and to a lower floor.
You have a pair of large antennae on your head. (SInv)
Your four strong arms can wield two-handed weapons with a shield.


Message History

The five-headed hydra barely misses you.
You slice one of the five-headed hydra's heads off!
The flame cauterises the wound!
You slash the four-headed hydra! You burn the four-headed hydra!
The four-headed hydra is severely wounded.
The blink frog blinks!
You block the four-headed hydra's attack. x2
The four-headed hydra bites you but does no damage.
The four-headed hydra bites you.
The dream sheep shake their wool and sparkle.
You feel drowsy...
You fall asleep.
The blink frog blinks!
The four-headed hydra bites you!!
You wake up.
* * * LOW HITPOINT WARNING * * *
The four-headed hydra closely misses you.
The four-headed hydra bites you but does no damage.
You block the four-headed hydra's attack.
Unknown command.
Unknown command.
You feel much better.
You block the four-headed hydra's attack.
The four-headed hydra barely misses you.
You block the four-headed hydra's attack.
The four-headed hydra bites you but does no damage.
Unknown command.
Unknown command.
You barely miss the four-headed hydra.
The four-headed hydra is severely wounded.
The four-headed hydra bites you!
* * * LOW HITPOINT WARNING * * *
You block the four-headed hydra's attack. x2
The four-headed hydra bites you.
* * * LOW HITPOINT WARNING * * *
The blink frog blinks!
The dream sheep closely misses you.
The four-headed hydra bites you but does no damage.
You block the four-headed hydra's attack.
The four-headed hydra bites you.
* * * LOW HITPOINT WARNING * * *
The four-headed hydra bites you!
You die...

......{Y........#
........Y......#
.ยง......Y..$...# .#
..............#.D..
.#.......Y.Y.......
..#.....###Y##.##.
.........#Y#####
.......Y#DF..P.# ..
........@#{$:##.#.....
#.......##P..# .....
#.......###### ##.....
###......######........#.
#.........#..#PP........
#.......#................
.........................
.............#.#.........
...........##...#........


You could see a four-headed hydra, a cane toad and 4 dream sheep.

Vanquished Creatures
  Gastronok (Lair:2)
  A fire dragon (D:9)
  5 hydras
  2 two-headed ogres (D:10)
  Erica (D:9)
  A boulder beetle (Lair:2)
  3 death yaks (D:10)
  A death knight (D:9)
  Amaemon (D:8)
  2 bog bodies (Lair:3)
  Pikel (D:5)
  An ugly thing (D:9)
  A cyclops (D:6)
  5 black mambas
  Maurice (D:9)
  3 elephants (Lair:1)
  Joseph (D:7)
  A torpor snail (Lair:3)
  An orange demon (D:8)
  18 cane toads
  3 rime drakes
  6 komodo dragons
  A wind drake (shapeshifter) (D:9)
  5 polar bears
  10 blink frogs
  2 dream sheep (Lair:5)
  2 shadows
  2 wyverns
  55 yaks
  A wraith (D:9)
  3 humans
  3 basilisks
  20 water moccasins
  2 acid dragons
  A sky beast (D:7)
  2 orc warriors
  A black bear (Lair:4)
  21 wolves
  A boggart (D:9)
  4 centaurs
  2 lemures
  3 kobold brigands
  4 phantoms
  3 necrophages
  Blork the orc (D:5)
  6 bullfrogs
  A gnoll sergeant (D:5)
  2 scorpions
  16 wights
  14 killer bees
  2 electric eels
  5 howler monkeys
  5 hounds
  4 orc priests
  2 jellies (D:4)
  Crazy Yiuf (D:3)
  Ijyb (D:3)
  8 hell rats
  7 iguanas
  Natasha (thrice) (D:3)
  5 orc wizards
  24 gnolls
  9 adders
  A river rat (D:10)
  2 shadow imps
  2 ufetubi
  2 worms
  5 dart slugs
  32 orcs
  5 endoplasms
  6 giant cockroaches
  6 goblins
  6 hobgoblins
  6 jackals
  4 quokkas
  9 ball pythons
  3 bats
  4 frilled lizards
  21 kobolds
  3 rats
441 creatures vanquished.

Vanquished Creatures (others)
  A deep elf knight (D:9)
  2 bushes
  17 fungi
  20 plants
  2 withered plants (Lair:5)
42 creatures vanquished.

Grand Total: 483 creatures vanquished

Notes
Turn   | Place    | Note
-------+----------+-------------------------------------------
     0 | D:1      | mopl the Formicid Warper began the quest for the Orb.
     0 | D:1      | Reached XP level 1. HP: 16/16 MP: 3/3
   243 | D:1      | Reached XP level 2. HP: 17/22 MP: 5/5
   391 | D:1      | Reached skill level 2 in Dodging
   391 | D:1      | Reached XP level 3. HP: 12/28 MP: 6/6
  1053 | D:2      | Reached XP level 4. HP: 26/34 MP: 7/7
  1331 | D:2      | Reached skill level 3 in Axes
  1339 | D:2      | Found Orossazim's Book Emporium.
  1576 | D:2      | Reached XP level 5. HP: 39/39 MP: 8/8
  1942 | D:3      | Noticed Natasha
  1947 | D:3      | Killed Natasha
  1948 | D:3      | Reached skill level 3 in Translocations
  1978 | D:3      | Noticed Ijyb
  1992 | D:3      | Killed Ijyb
  1993 | D:3      | Reached skill level 2 in Throwing
  1993 | D:3      | Reached skill level 2 in Armour
  2170 | D:3      | Found a glowing silver altar of Zin.
  2230 | D:3      | Reached XP level 6. HP: 29/46 MP: 10/10
  2454 | D:3      | Found a runed translucent door.
  2455 | D:3      | Noticed Crazy Yiuf
  2465 | D:3      | Killed Crazy Yiuf
  2466 | D:3      | Reached skill level 3 in Fighting
  2466 | D:3      | Reached skill level 1 in Evocations
  2481 | D:3      | Learned a level 3 spell: Vhi's Electric Charge
  2486 | D:3      | Learned a level 4 spell: Manifold Assault
  2690 | D:3      | Noticed Natasha
  2700 | D:3      | Killed Natasha
  2844 | D:3      | Noticed Natasha
  2852 | D:3      | Killed Natasha
  2907 | D:4      | Reached skill level 3 in Spellcasting
  3107 | D:4      | Reached skill level 4 in Axes
  3107 | D:4      | Reached XP level 7. HP: 34/52 MP: 11/11
  3271 | D:4      | Reached skill level 3 in Armour
  3271 | D:4      | Reached skill level 2 in Evocations
  3390 | D:4      | Reached skill level 3 in Dodging
  3390 | D:4      | Reached XP level 8. HP: 46/60 MP: 12/12
  3731 | D:4      | Reached skill level 3 in Throwing
  4044 | D:5      | Entered Level 5 of the Dungeon
  4220 | D:5      | Noticed Pikel
  4233 | D:5      | Reached skill level 4 in Fighting
  4233 | D:5      | Reached skill level 5 in Axes
  4436 | D:5      | Killed Pikel
  4437 | D:5      | Reached skill level 4 in Translocations
  4437 | D:5      | Reached skill level 3 in Evocations
  4437 | D:5      | Reached XP level 9. HP: 5/66 MP: 13/13
  4653 | D:5      | Noticed Blork the orc
  4666 | D:5      | Killed Blork the orc
  4667 | D:5      | Reached skill level 4 in Armour
  5139 | D:5      | Reached skill level 6 in Axes
  5286 | D:6      | Found a basalt altar of Yredelemnul.
  5298 | D:6      | Found a glowing golden altar of the Shining One.
  5328 | D:6      | Found a blossoming altar of Fedhas.
  5384 | D:6      | Found a burning altar of Makhleb.
  5391 | D:6      | Identified the +5 war axe "Orb Guardian's Bane" {drain,
                  | +Blink rF- rC+++ MP+9}
  5441 | D:6      | Reached skill level 4 in Throwing
  5533 | D:6      | Reached skill level 4 in Dodging
  5604 | D:6      | Noticed a cyclops
  5614 | D:6      | Reached skill level 4 in Evocations
  5781 | D:6      | Noticed a komodo dragon
  5783 | D:6      | Killed a cyclops
  5784 | D:6      | Reached skill level 5 in Fighting
  5903 | D:6      | Killed a komodo dragon
  6157 | D:6      | Found a staircase to the Ecumenical Temple.
  6362 | Temple   | Entered the Ecumenical Temple
  6373 | Temple   | Became a worshipper of Warmaster Okawaru
  6797 | D:7      | Reached XP level 10. HP: 74/74 MP: 14/14
  6890 | D:7      | Reached skill level 5 in Armour
  6893 | D:7      | Found a broken altar of Ashenzari.
  6895 | D:7      | Found a bloodstained altar of Trog.
  6896 | D:7      | Found a radiant altar of Vehumet.
  6896 | D:7      | Found a hazy altar of Hepliaklqana.
  6915 | D:7      | Reached skill level 7 in Axes
  6915 | D:7      | Reached skill level 1 in Invocations
  7060 | D:7      | Reached skill level 5 in Translocations
  7126 | D:6      | Reached * piety under Okawaru
  7290 | D:6      | Reached skill level 2 in Invocations
  7528 | D:7      | Reached skill level 5 in Evocations
  7605 | D:7      | Noticed Joseph
  7651 | D:7      | Reached skill level 5 in Throwing
  7663 | D:7      | HP: 3/76 [Joseph/+0 quarterstaff (5)]
  7700 | D:7      | Killed Joseph
  8166 | D:8      | Noticed Amaemon
  8170 | D:8      | Noticed an orange demon
  8181 | D:8      | Killed Amaemon
  8181 | D:8      | Reached ** piety under Okawaru
  8182 | D:8      | Reached skill level 6 in Fighting
  8182 | D:8      | Reached skill level 5 in Dodging
  8182 | D:8      | Reached skill level 1 in Shields
  8182 | D:8      | Reached skill level 3 in Invocations
  8192 | D:8      | Killed an orange demon
  8333 | D:8      | Found a flagged portal.
  8345 | Bailey   | Entered a bailey
  8681 | Bailey   | Reached skill level 8 in Axes
  8695 | Bailey   | Reached XP level 11. HP: 79/79 MP: 13/15
  8846 | D:8      | Found the +0 staff of Battle
  8869 | D:8      | Reached skill level 7 in Fighting
  8869 | D:8      | Reached skill level 9 in Axes
  8869 | D:8      | Reached skill level 6 in Throwing
  8869 | D:8      | Reached skill level 6 in Armour
  8869 | D:8      | Reached skill level 4 in Shields
  8869 | D:8      | Reached skill level 6 in Translocations
  8869 | D:8      | Reached skill level 4 in Invocations
  8869 | D:8      | Reached skill level 6 in Evocations
  8869 | D:8      | Reached XP level 12. HP: 90/90 MP: 16/16
  8870 | D:8      | Reached skill level 10 in Axes
  8870 | D:8      | Reached skill level 7 in Armour
  8870 | D:8      | Reached skill level 6 in Dodging
  8870 | D:8      | Reached skill level 5 in Shields
  8870 | D:8      | Reached skill level 5 in Invocations
  8870 | D:8      | Reached skill level 7 in Evocations
  8870 | D:8      | Reached XP level 13. HP: 97/97 MP: 17/17
  9025 | D:8      | Reached skill level 6 in Invocations
 10041 | D:9      | Found Kehiamez's Assorted Antiques.
 10042 | D:9      | Found Yxepuf's Jewellery Emporium.
 10043 | D:9      | Found Noqo's Assorted Antiques.
 10043 | D:9      | Found Raquloudwi's Weapon Boutique.
 10043 | D:9      | Found Gyob's Assorted Antiques.
 10043 | D:9      | Found Eqoffext's Book Shoppe.
 10052 | D:9      | Reached *** piety under Okawaru
 10054 | D:9      | Bought a scroll labelled WIHONI SEUM for 23 gold pieces
 10054 | D:9      | Bought a scroll labelled HAZ FIAMPUONUN for 23 gold pieces
 10054 | D:9      | Bought a scroll labelled NEABAN OSCHIENG for 23 gold pieces
 10058 | D:9      | Bought a fuming purple potion for 29 gold pieces
 10058 | D:9      | Bought a scroll labelled JIOTAJ KAWAREVVA for 33 gold
                  | pieces
 10058 | D:9      | Bought a scroll labelled JIOTAJ KAWAREVVA for 33 gold
                  | pieces
 10125 | D:9      | Bought a scroll of identify for 66 gold pieces
 10125 | D:9      | Bought a scroll of identify for 66 gold pieces
 10129 | D:9      | Bought a shiny kite shield for 172 gold pieces
 10237 | D:9      | Noticed Erica
 10245 | D:9      | Killed Erica
 10400 | D:9      | Reached skill level 6 in Shields
 10431 | D:9      | Reached skill level 7 in Throwing
 10480 | D:9      | Noticed Maurice
 10495 | D:9      | Killed Maurice
 10496 | D:9      | Reached skill level 8 in Fighting
 10525 | D:9      | Noticed a five-headed hydra
 10525 | D:9      | Noticed a six-headed hydra
 10537 | D:9      | Killed a one-headed hydra
 10554 | D:9      | Killed a one-headed hydra
 10555 | D:9      | Reached skill level 7 in Translocations
 10783 | D:9      | Noticed a fire dragon
 10822 | D:9      | Killed a fire dragon
 10822 | D:9      | Received a gift from Okawaru
 10823 | D:9      | Reached skill level 8 in Armour
 10831 | D:9      | Identified the +3 scale mail "Idomn" {Int+4}
 10835 | D:9      | Identified the +5 hand axe of Mayhem {antimagic, rC+ Str+2
                  | Int+4 Dex+3}
 11066 | D:9      | Found a sparkling altar of Nemelex Xobeh.
 11386 | D:9      | Found a hide-covered altar of Uskayaw.
 11569 | D:10     | Entered Level 10 of the Dungeon
 11839 | D:10     | Reached **** piety under Okawaru
 12084 | D:10     | Reached skill level 7 in Dodging
 12273 | D:10     | Found a staircase to the Lair.
 12338 | D:10     | Reached skill level 7 in Invocations
 12418 | D:10     | Received a gift from Okawaru
 12419 | D:10     | Reached skill level 8 in Evocations
 12424 | D:10     | Reached skill level 7 in Shields
 12512 | D:10     | Found a sacrificial altar of Ru.
 12812 | Lair:1   | Entered Level 1 of the Lair of Beasts
 12929 | Lair:1   | Reached skill level 11 in Axes
 13277 | Lair:1   | Reached XP level 14. HP: 91/106 MP: 19/19
 14362 | Lair:2   | Noticed Gastronok
 14380 | Lair:2   | Killed Gastronok
 14432 | Lair:2   | Reached ***** piety under Okawaru
 14485 | Lair:2   | Received a gift from Okawaru
 14486 | Lair:2   | Reached skill level 9 in Fighting
 14570 | Lair:2   | Reached skill level 8 in Throwing
 14855 | Lair:2   | Reached skill level 8 in Shields
 15253 | Lair:3   | Found a staircase to the Snake Pit.
 15306 | Lair:3   | Identified the +1 chain mail of Tap Nuew {rC+} (Okawaru
                  | gifted it to you on level 3 of the Lair of Beasts)
 15306 | Lair:3   | Received a gift from Okawaru
 15307 | Lair:3   | Reached skill level 8 in Invocations
 15568 | Lair:3   | Reached skill level 9 in Armour
 15785 | Lair:3   | Reached skill level 8 in Translocations
 15865 | Lair:3   | Found a staircase to the Swamp.
 16380 | Lair:4   | Reached skill level 12 in Axes
 16494 | Lair:4   | Reached XP level 15. HP: 101/114 MP: 21/21
 16510 | Lair:4   | Reached skill level 9 in Evocations
 16752 | Lair:4   | Reached skill level 8 in Dodging
 17179 | Lair:5   | Entered Level 5 of the Lair of Beasts
 17201 | Lair:4   | Received a gift from Okawaru
 17635 | Lair:5   | Reached skill level 9 in Shields
 17736 | Lair:5   | HP: 5/106 [four-headed hydra (28)]
 17738 | Lair:5   | Slain by a four-headed hydra

Illustrated notes

Levels and vault maps discovered:
D:1:      dreamdust_arrival_sigmund_warning, layout_basic
D:2:      minmay_recursive_quarters, layout_basic, serial_shops,
          nicolae_shop_temple_entry_statues_fountains, minmay_splitting_lines
D:3:      layout_basic, zin_statuary, item_on_display_a, uniq_ijyb,
          uniq_natasha, uniq_crazy_yiuf_cottage
D:4:      layout_loops_cross, minmay_fractal_squares_diagonal_5
D:5:      layout_basic, uniq_blork_the_orc, uniq_pikel
D:6:      minmay_cornered_nines, layout_basic, mainiacjoe_overflow_alcove_2,
          nicolae_tso_swordbearing_angel, lemuel_coloured_pillars_altar,
          kennysheep_mini, temple_doors_e, hangedman_decor_opposing
D:7:      layout_loops_cross, grunt_temple_overflow_open, minmay_ruffians,
          uniq_joseph
D:8:      layout_basic, enter_bailey_8, uniq_amaemon
D:9:      minmay_shrinking_squares, layout_layer_cave, lemuel_doored_altar,
          nicolae_uskayaw_suspiria, nicolae_wooded_promenade, uniq_erica,
          uniq_maurice
D:10:     layout_loops_ring, lemuel_crystal_altar, dpeg_lair_monsters
Temple:   compressed_dpeg_circular_temple
Lair:1:   layout_small_grid
Lair:2:   layout_cave_pods, uniq_gastronok
Lair:3:   layout_loops_ring, nicolae_swamp_entry_splash_gauntlet,
          minmay_snake_entry_six_corridors, serial_rivers,
          chequers_serial_rivers_micro_c, chequers_serial_rivers_room_a,
          chequers_serial_rivers_large_b, chequers_serial_rivers_large_a,
          cheibrodos_lair_lostbears
Lair:4:   layout_concentric_octagons, grunt_forest_stairs_basic
Lair:5:   due_jungle_book, layout_gridlike, dpeg_slime_entry_enclosed,
          minmay_lair_oklob_items, chequers_serial_rivers_room_a,
          infiniplex_staircase_pool_2, uniq_urug

Skill      XL: |  1  2  3  4  5  6  7  8  9 10 11 12 13 14 15 |
---------------+----------------------------------------------+-----
Dodging        | 2 3 4 5 6 7 8 |  8.1
Axes           | 3 4 5 6 8 9 10 11 12 | 12.4
Translocations | 3 4 5 6 7 8 |  8.3
Throwing       | 2 3 4 5 6 7 8 |  8.7
Armour         | 2 3 4 5 6 7 8 9 |  9.4
Fighting       | 3 4 5 6 7 8 9 |  9.7
Evocations     | 1 2 3 4 5 6 7 8 9 |  9.2
Spellcasting   | 3 |  3.0
Invocations    | 3 4 5 7 8 |  8.0
Shields        | 1 4 5 7 8 9 |  9.0

Action                   |  1- 3 |  4- 6 |  7- 9 | 10-12 | 13-15 || total
-------------------------+-------+-------+-------+-------+-------++-------
Melee: Hand axe          |    61 |       |       |       |       ||    61
       Whip              |    23 |   234 |    89 |       |       ||   346
       Punch             |       |     1 |     4 |     4 |       ||     9
       Spear             |       |       |   277 |   299 |  1038 ||  1614
       Scimitar          |       |       |       |       |    57 ||    57
       Halberd           |       |       |       |       |   595 ||   595
       War axe           |       |       |       |       |     1 ||     1
Throw: Dart              |       |       |     3 |       |    11 ||    14
Invok: Heroism           |       |       |       |     3 |    39 ||    42
 Abil: Dig               |       |     1 |       |       |     8 ||     9
Evoke: Wand              |       |       |     1 |     8 |     2 ||    11
  Use: Scroll            |       |       |     2 |     7 |    10 ||    19
       Potion            |       |       |       |     3 |     8 ||    11
 Stab: Invisible         |       |       |       |       |     4 ||     4
       Petrified         |       |       |       |       |     1 ||     1
Armor: Leather armour    |    14 |       |       |       |       ||    14
       Chain mail        |    11 |   107 |   153 |    96 |       ||   367
       Plate armour      |       |       |       |    26 |   595 ||   621
Dodge: Dodged            |    56 |    80 |   124 |   136 |   509 ||   905
Block: Buckler           |       |       |       |    16 |    53 ||    69
       Kite shield       |       |       |       |       |   680 ||   680

Table legend: (Time is in decaauts)
 A = Elapsed time spent in this place.
 B = Non-inter-level travel time spent in this place.
 C = Inter-level travel time spent in this place.
 D = Time resting spent in this place.
 E = Time spent auto-exploring this place.
 F = Levels seen in this place.
 G = Mean time per level.
                   A        B        C        D        E       F      G
               +--------+--------+--------+--------+--------+-----+--------+
         Total |  17511 |  16904 |    607 |   3239 |   9122 |  17 | 1030.1 |
       Dungeon |  12143 |  11665 |    478 |   2588 |   6242 |  10 | 1214.3 |
        Temple |     22 |     11 |     11 |      0 |      5 |   1 |   22.0 |
          Lair |   4911 |   4795 |    116 |    516 |   2751 |   5 |  982.2 |
        Bailey |    433 |    433 |      0 |    135 |    124 |   1 |  433.0 |
               +--------+--------+--------+--------+--------+-----+--------+

Top non-repeatable levels by time:
     D:9: 1871 daAuts
     D:6: 1579 daAuts
     D:8: 1386 daAuts
     D:5: 1294 daAuts
  Lair:2: 1232 daAuts
  Lair:4: 1229 daAuts
  Lair:3: 1184 daAuts
     D:4: 1169 daAuts
     D:3: 1090 daAuts
  Lair:1: 1044 daAuts
     D:1: 1009 daAuts
     D:7: 949 daAuts
     D:2: 935 daAuts
    D:10: 857 daAuts
  Bailey: 433 daAuts
